Kings vs Canadiens

Created - 2 novembre 2023 at 21:27

Goals
1 2 3 T
Kings 0 1 1 2
Canadiens 2 1 3 6
Shots
1 2 3 T
Kings 18 10 3 31
Canadiens 10 7 11 28

GoalsPenalties
1st period
1. Canadiens , Brandon Hagel 9 (Matt Duchene 7, Andrew Mangiapane 9) at 10:17
2. Canadiens , Ryan Nugent-Hopkins 3 (Brandon Hagel 12, Justin Faulk 9) at 12:01 (SH)
Elias Lindholm (MTL) for Fighting (Major) at 6:28
Matt Dumba (LOS) for Fighting (Major) at 6:28
Andrew Mangiapane (MTL) for Charging (Minor) at 6:45
K'Andre Miller (MTL) for Roughing (Minor) at 11:51
2nd period
3. Canadiens , Brandon Hagel 10 (K'Andre Miller 10) at 0:35
4. Kings , Robby Fabbri 2 (Josh Mahura 3) at 7:29
Blake Coleman (MTL) for Roughing (Minor) at 5:13
Zach Werenski (MTL) for Tripping (Minor) at 15:32
3rd period
5. Kings , Matt Dumba 8 (David Savard 7, Ville Husso) at 9:35
6. Canadiens , Elias Lindholm 8 (Ryan Nugent-Hopkins 12, Justin Faulk 10) at 16:50
7. Canadiens , Andrew Mangiapane 11 (Elias Lindholm 14) at 17:00
8. Canadiens , Brandon Hagel 11 (Zach Werenski 5) at 19:34
Ville Husso (LOS) for Slashing (Double Minor) at 2:06 - Brendan Gallagher served the penalty
K'Andre Miller (MTL) for Fighting (Major) at 19:46
Matt Dumba (LOS) for Fighting (Major) at 19:46
K'Andre Miller (MTL) for instigated a fight (Minor) at 19:46
K'Andre Miller (MTL) for instigated a fight (10 Minutes Misconduct) at 19:46
Goalie Stats
Ville Husso (LOS), 22 saves from 28 shots - (0,786), L, 5-10-4, 60:00 minutes
Linus Ullmark (MTL), 29 saves from 31 shots - (0,935), W, 11-10-4, 60:00 minutes
3 StarsOfficial
1 - Brandon Hagel (MTL)
2 - Andrew Mangiapane (MTL)
3 - Ryan Nugent-Hopkins (MTL)
Referees : Jon McIsaac and Phillip Brooks
Linesman : Travis Toomey and Ben O'Quinn
Game Note
Elias Lindholm and Matt Dumba fight to a draw at 6:28 of 1st period
Brandon Hagel has scored a Hat Trick!
Matt Dumba beats up K'Andre Miller at 19:46 of 3rd period
Finance
Level 1 -- Attendance: 6000 (100%) -- Ticket Income $450,000
Level 2 -- Attendance: 5000 (100%) -- Ticket Income $275,000
Level 3 -- Attendance: 3185 (60%) -- Ticket Income $95,550
Level 4 -- Attendance: 4000 (100%) -- Ticket Income $60,000
Luxury Box -- Attendance: 964 (96%) -- Ticket Income $144,600
Game was played at the Centre Bell.
Total Attendance: 19149 (90%)
Total Ticket Income: $1,025,150
Other Income: $307,545
Total Income: $1,332,695



Team Name Goals Shots Shots Attemp Shots Blocked PIM HIT PP PK FO%
Kings 23149814210 / 5 (0%)054%
Canadiens 62855930170 / 1 (0%)046%

Kings
Player Name POS G A P +/- PIM HIT SHT SB MP PP MP PP SHT PK MP PK SHT FO% FOT GA TA
Alexei ToropchenkoLW/RW000000001:230:1900:5600% 000
Brendan GallagherRW000-200006:000:0000:0000% 000
Calvin de HaanD0002000010:550:0000:4200% 001
Colin BlackwellC/RW000-2031018:090:1300:16050% 200
David SavardD011-4045428:395:3542:0100% 012
Derek StepanC/RW000-2011022:483:4000:47040% 500
Ilya MikheyevLW/RW0000015018:353:4611:1600% 110
Jon MerrillD000-3000120:412:3401:1600% 002
Josh MahuraD0112000010:550:0000:4200% 000
Kevin LabancLW/RW000-3012011:154:1020:120100% 201
Matt DumbaD101-31013125:383:2322:0100% 010
Nicolas RoyC/RW000-3021123:154:1001:35055% 3111
Philip TomasinoLW/RW0001001010:410:0000:00050% 210
Robby FabbriC/LW1011002010:410:0000:0000% 100
Sammy BlaisLW/RW0001021011:020:1300:0000% 000
Sean DurziD000-2010023:104:4601:1600% 021
Tyson JostC0000035018:573:4601:21064% 1100
Warren FoegeleLW/RW000-3024123:154:1031:3500% 100
Canadiens
Player Name POS G A P +/- PIM HIT SHT SB MP PP MP PP SHT PK MP PK SHT FO% FOT GA TA
Alexis LafrenièreRW000-101106:500:0000:0000% 010
Andrew MangiapaneLW/RW1123213018:050:5200:0000% 011
Blake ColemanLW/RW000-1202011:320:3200:0000% 001
Brandon HagelLW3144003019:280:4704:490100% 100
Elias LindholmC1121524018:372:2001:46044% 2510
Jake WalmanD0001000013:490:2400:0500% 000
Jonas SiegenthalerD0001011219:090:5502:4700% 002
Justin FaulkD0222012026:412:4015:1700% 010
K'Andre MillerD01111930324:362:4003:1000% 000
Mathew BarzalC/RW0000023011:440:4700:00029% 710
Matias MaccelliLW000-101106:500:0000:0000% 002
Matt DucheneC/RW0113001016:091:0700:00043% 710
Matthew TkachukRW0002012115:032:2000:0000% 000
Max DomiC/LW0001022020:040:5201:570100% 110
Noel AcciariC/RW000-1010110:000:0002:57050% 200
Ryan Nugent-HopkinsC/LW1121002117:272:2004:49254% 1311
Vladislav GavrikovD0002010120:180:5504:5400% 000
Zach WerenskiD0111201015:230:2400:0500% 000

Kings

5 vs 5 Forward
Line #Left WingCenterRight WingPHYDFOFWanted %Time %Time Play
1Warren FoegeleNicolas RoyColin Blackwell1134537%17:43
2Ilya MikheyevTyson JostDerek Stepan1133328%13:33
3Kevin LabancDerek StepanBrendan Gallagher1131812%5:55
4Sammy BlaisRobby FabbriPhilip Tomasino230422%10:41
5 vs 5 Defense
Line #DefenseDefensePHYDFOFWanted %Time %Time Play
1David SavardMatt Dumba1135343%20:44
2Jon MerrillSean Durzi1313235%16:36
3Calvin de HaanJosh Mahura140821%10:13
4David SavardMatt Dumba10471%0:19
Power Play Forward
Line #Left WingCenterRight WingPHYDFOFWanted %Time %Time Play
1Warren FoegeleNicolas RoyKevin Labanc1046754%4:23
2Ilya MikheyevTyson JostDerek Stepan1133346%3:46
Power Play Defense
Line #DefenseDefensePHYDFOFWanted %Time %Time Play
1David SavardMatt Dumba1136369%5:35
2Jon MerrillSean Durzi1223731%2:34
Penalty Kill 4 Players Forward
Line #CenterWingPHYDFOFWanted %Time %Time Play
1Nicolas RoyWarren Foegele1226068%2:43
2Tyson JostIlya Mikheyev1224032%1:16
Penalty Kill 4 Players Defense
Line #DefenseDefensePHYDFOFWanted %Time %Time Play
1David SavardMatt Dumba1226068%2:43
2Jon MerrillSean Durzi1224032%1:16
Penalty Kill 3 Players
Line #WingPHYDFOFWanted %Time %Time PlayDefenseDefensePHYDFOFWanted %Time %Time Play
1Nicolas Roy131570%0:00 David SavardMatt Dumba122600%0:00
2Tyson Jost131430%0:00 Jon MerrillSean Durzi122400%0:00
4 vs 4 Forward
Line #CenterWingPHYDFOFWanted %Time %Time Play
1Nicolas RoyWarren Foegele122600%0:00
2Tyson JostIlya Mikheyev122400%0:00
4 vs 4 Defense
Line #DefensePHYDFOFWanted %Time %Time Play
1David SavardMatt Dumba122600%0:00
2Jon MerrillSean Durzi122400%0:00
Last Minutes Offensive
Left WingCenterRight WingDefenseDefense
Warren FoegeleNicolas RoyKevin LabancDavid SavardMatt Dumba
Last Minutes Defensive
Left WingCenterRight WingDefenseDefense
Warren FoegeleNicolas RoySammy BlaisDavid SavardMatt Dumba
Time
Total ForwardTotal DefenseLast Minutes OffensiveLast Minutes Defensive
60:00 60:00 0:000:00
Extra Forwards
Normal PowerPlayPenalty Kill
Derek Stepan, Kevin Labanc, Sammy BlaisDerek Stepan, Kevin LabancDerek Stepan
Extra Defensemen
Normal PowerPlayPenalty Kill
Sean Durzi, Calvin de Haan, Josh MahuraSean Durzi, Sean DurziCalvin de Haan
Penalty Shots
Nicolas Roy, Warren Foegele, Tyson Jost, Ilya Mikheyev, Derek Stepan
Goalie
Ville Husso, Jonathan Quick
Scratches
Haydn Fleury (Healthy)

Canadiens

5 vs 5 Forward
Line #Left WingCenterRight WingPHYDFOFWanted %Time %Time Play
1Max DomiElias LindholmAndrew Mangiapane1224737%17:32
2Brandon HagelMatt DucheneMatthew Tkachuk1223128%13:24
3Ryan Nugent-HopkinsMathew BarzalBlake Coleman1221821%9:59
4Matias MaccelliNoel AcciariAlexis Lafrenière122415%6:57
5 vs 5 Defense
Line #DefenseDefensePHYDFOFWanted %Time %Time Play
1Justin FaulkK'Andre Miller1224039%18:39
2Jonas SiegenthalerVladislav Gavrikov1223235%16:31
3Jake WalmanZach Werenski1222326%12:13
4Justin FaulkK'Andre Miller12251%0:29
Power Play Forward
Line #Left WingCenterRight WingPHYDFOFWanted %Time %Time Play
1Ryan Nugent-HopkinsElias LindholmMatthew Tkachuk1137059%2:20
2Andrew MangiapaneMax DomiMatt Duchene0143041%1:39
Power Play Defense
Line #DefenseDefensePHYDFOFWanted %Time %Time Play
1Justin FaulkK'Andre Miller1136567%2:40
2Jonas SiegenthalerVladislav Gavrikov1133533%1:19
Penalty Kill 4 Players Forward
Line #CenterWingPHYDFOFWanted %Time %Time Play
1Ryan Nugent-HopkinsBrandon Hagel1316583%6:46
2Elias LindholmNoel Acciari1313517%1:23
Penalty Kill 4 Players Defense
Line #DefenseDefensePHYDFOFWanted %Time %Time Play
1Justin FaulkK'Andre Miller1316566%5:22
2Jonas SiegenthalerVladislav Gavrikov1313534%2:47
Penalty Kill 3 Players
Line #WingPHYDFOFWanted %Time %Time PlayDefenseDefensePHYDFOFWanted %Time %Time Play
1Elias Lindholm140580%0:00 Jonas SiegenthalerK'Andre Miller140600%0:00
2Brandon Hagel140420%0:00 Jake WalmanVladislav Gavrikov140400%0:00
4 vs 4 Forward
Line #CenterWingPHYDFOFWanted %Time %Time Play
1Ryan Nugent-HopkinsMax Domi122600%0:00
2Elias LindholmAndrew Mangiapane122400%0:00
4 vs 4 Defense
Line #DefensePHYDFOFWanted %Time %Time Play
1Zach WerenskiK'Andre Miller122650%0:00
2Jonas SiegenthalerVladislav Gavrikov122350%0:00
Last Minutes Offensive
Left WingCenterRight WingDefenseDefense
Brandon HagelRyan Nugent-HopkinsMatthew TkachukJustin FaulkK'Andre Miller
Last Minutes Defensive
Left WingCenterRight WingDefenseDefense
Ryan Nugent-HopkinsNoel AcciariBlake ColemanJonas SiegenthalerK'Andre Miller
Time
Total ForwardTotal DefenseLast Minutes OffensiveLast Minutes Defensive
60:00 60:00 0:000:00
Extra Forwards
Normal PowerPlayPenalty Kill
Matt Duchene, Andrew Mangiapane, Mathew BarzalMatt Duchene, Andrew MangiapaneNoel Acciari
Extra Defensemen
Normal PowerPlayPenalty Kill
Vladislav Gavrikov, Jake Walman, Zach WerenskiVladislav Gavrikov, Vladislav GavrikovJake Walman
Penalty Shots
Matthew Tkachuk, Ryan Nugent-Hopkins, Elias Lindholm, Brandon Hagel, Matt Duchene
Goalie
Linus Ullmark, Ukko-Pekka Luukkonen
Scratches
Juuso Valimaki (Healthy)


Play-by-Play

1st period


0:01 of 1st period - Nicolas Roy wins face-off versus Elias Lindholm in neutral zone.
0:41 of 1st period - Derek Stepan is hit by Justin Faulk and loses puck.
0:59 of 1st period - Off-side.
1:00 of 1st period - Nicolas Roy wins face-off versus Mathew Barzal in neutral zone.
1:51 of 1st period - Calvin de Haan is hit by Matias Maccelli and loses puck.
2:00 of 1st period - Snap shot by Noel Acciari.
2:00 of 1st period - Deflect By Alexis Lafrenière.
2:00 of 1st period - Shot Misses the Net.
2:00 of 1st period - Puck is out of play.
2:01 of 1st period - Nicolas Roy wins face-off versus Mathew Barzal in Kings zone.
2:07 of 1st period - Off-side.
2:08 of 1st period - Nicolas Roy wins face-off versus Mathew Barzal in neutral zone.
2:19 of 1st period - Off-side.
2:20 of 1st period - Tyson Jost wins face-off versus Elias Lindholm in neutral zone.
2:55 of 1st period - Wrist shot by Matt Duchene.
2:55 of 1st period - Deflect By Matthew Tkachuk.
2:55 of 1st period - Stopped by Ville Husso without a rebound.
2:56 of 1st period - Derek Stepan wins face-off versus Elias Lindholm in Kings zone.
3:45 of 1st period - Snap shot by Tyson Jost.
3:45 of 1st period - Stopped by Linus Ullmark with a rebound.
3:47 of 1st period - Snap shot by Derek Stepan.
3:47 of 1st period - Shot Misses the Net.
3:49 of 1st period - Snap shot by Derek Stepan.
3:49 of 1st period - Stopped by Linus Ullmark with a rebound.
3:51 of 1st period - Slapshot by Matt Dumba.
3:51 of 1st period - Shot Blocked by Jonas Siegenthaler.
3:53 of 1st period - Slapshot by Matt Dumba.
3:53 of 1st period - Shot Blocked by Jonas Siegenthaler.
4:49 of 1st period - David Savard is hit by Alexis Lafrenière and loses puck.
4:59 of 1st period - Off-side.
5:00 of 1st period - Elias Lindholm wins face-off versus Tyson Jost in neutral zone.
5:10 of 1st period - Wrist shot by Tyson Jost.
5:10 of 1st period - Stopped by Linus Ullmark with a rebound.
5:12 of 1st period - Wrist shot by Tyson Jost.
5:12 of 1st period - Stopped by Linus Ullmark without a rebound.
5:13 of 1st period - Derek Stepan wins face-off versus Elias Lindholm in Canadiens zone.
5:43 of 1st period - Icing by Nicolas Roy.
5:44 of 1st period - Nicolas Roy wins face-off versus Matt Duchene in Kings zone.
6:17 of 1st period - Wrist shot by Matthew Tkachuk.
6:17 of 1st period - Stopped by Ville Husso without a rebound.
6:18 of 1st period - Tyson Jost wins face-off versus Elias Lindholm in Kings zone.
6:28 of 1st period - Elias Lindholm and Matt Dumba fight to a draw.
6:28 of 1st period - Penalty to Elias Lindholm for Fighting.
6:28 of 1st period - Penalty to Matt Dumba for Fighting.
6:29 of 1st period - Max Domi wins face-off versus Ilya Mikheyev in neutral zone.
6:34 of 1st period - Slapshot by Matt Duchene.
6:34 of 1st period - Stopped by Ville Husso with a rebound.
6:36 of 1st period - Slapshot by K'Andre Miller.
6:36 of 1st period - Shot Misses the Net.
6:38 of 1st period - Slapshot by Justin Faulk.
6:38 of 1st period - Stopped by Ville Husso with a rebound.
6:45 of 1st period - Minor Penalty to Andrew Mangiapane for Charging.
6:46 of 1st period - Nicolas Roy wins face-off versus Ryan Nugent-Hopkins in Canadiens zone.
6:46 of 1st period - Snap shot by Warren Foegele.
6:46 of 1st period - Shot Misses the Net.
6:48 of 1st period - Slapshot by David Savard.
6:48 of 1st period - Stopped by Linus Ullmark without a rebound.
6:49 of 1st period - Ryan Nugent-Hopkins wins face-off versus Nicolas Roy in Canadiens zone.
7:06 of 1st period - Wrist shot by Kevin Labanc.
7:06 of 1st period - Shot Blocked by Ryan Nugent-Hopkins.
7:34 of 1st period - Max Domi is hit by Ilya Mikheyev and loses puck.
7:49 of 1st period - Snap shot by Tyson Jost.
7:49 of 1st period - Shot Blocked by Noel Acciari.
7:51 of 1st period - Slapshot by David Savard.
7:51 of 1st period - Stopped by Linus Ullmark with a rebound.
8:13 of 1st period - Slapshot by David Savard.
8:13 of 1st period - Stopped by Linus Ullmark with a rebound.
8:15 of 1st period - Snap shot by Ilya Mikheyev.
8:15 of 1st period - Shot Blocked by Vladislav Gavrikov.
8:39 of 1st period - Slapshot by Ilya Mikheyev.
8:39 of 1st period - Stopped by Linus Ullmark with a rebound.
8:45 of 1st period - Penalty to Andrew Mangiapane is over, Andrew Mangiapane is back on ice.
8:59 of 1st period - Snap shot by Ilya Mikheyev.
8:59 of 1st period - Stopped by Linus Ullmark without a rebound.
9:00 of 1st period - Nicolas Roy wins face-off versus Mathew Barzal in Canadiens zone.
9:13 of 1st period - Snap shot by Warren Foegele.
9:13 of 1st period - Stopped by Linus Ullmark without a rebound.
9:14 of 1st period - Matt Duchene wins face-off versus Colin Blackwell in Canadiens zone.
10:02 of 1st period - Off-side.
10:03 of 1st period - Nicolas Roy wins face-off versus Matt Duchene in neutral zone.
10:17 of 1st period - Wrist shot by Brandon Hagel.
10:17 of 1st period - Goal by Brandon Hagel - Kings : 0 - Canadiens : 1.
10:18 of 1st period - Matt Duchene wins face-off versus Nicolas Roy in neutral zone.
10:27 of 1st period - Snap shot by Max Domi.
10:27 of 1st period - Stopped by Ville Husso without a rebound.
10:28 of 1st period - Nicolas Roy wins face-off versus Matt Duchene in Kings zone.
11:07 of 1st period - Slapshot by Nicolas Roy.
11:07 of 1st period - Stopped by Linus Ullmark with a rebound.
11:27 of 1st period - Wrist shot by Warren Foegele.
11:27 of 1st period - Deflect By Andrew Mangiapane.
11:27 of 1st period - Shot Misses the Net.
11:27 of 1st period - Puck is out of play.
11:28 of 1st period - Tyson Jost wins face-off versus Mathew Barzal in Canadiens zone.
11:35 of 1st period - Tyson Jost is hit by Mathew Barzal.
11:51 of 1st period - Minor Penalty to K'Andre Miller for Roughing.
11:52 of 1st period - Ryan Nugent-Hopkins wins face-off versus Nicolas Roy in Canadiens zone.
12:01 of 1st period - Slapshot by Ryan Nugent-Hopkins.
12:01 of 1st period - Deflect By Warren Foegele.
12:01 of 1st period - Goal by Ryan Nugent-Hopkins - Kings : 0 - Canadiens : 2.
12:02 of 1st period - Nicolas Roy wins face-off versus Ryan Nugent-Hopkins in neutral zone.
12:09 of 1st period - Slapshot by Kevin Labanc.
12:09 of 1st period - Stopped by Linus Ullmark without a rebound.
12:10 of 1st period - Nicolas Roy wins face-off versus Ryan Nugent-Hopkins in Canadiens zone.
12:17 of 1st period - Snap shot by Warren Foegele.
12:17 of 1st period - Stopped by Linus Ullmark without a rebound.
12:18 of 1st period - Kevin Labanc wins face-off versus Ryan Nugent-Hopkins in Canadiens zone.
12:23 of 1st period - Wrist shot by Warren Foegele.
12:23 of 1st period - Stopped by Linus Ullmark with a rebound.
12:25 of 1st period - Snap shot by Matt Dumba.
12:25 of 1st period - Stopped by Linus Ullmark with a rebound.
12:27 of 1st period - Snap shot by Warren Foegele.
12:27 of 1st period - Stopped by Linus Ullmark without a rebound.
12:28 of 1st period - Nicolas Roy wins face-off versus Ryan Nugent-Hopkins in Canadiens zone.
12:39 of 1st period - Brandon Hagel is hit by Warren Foegele and loses puck.
12:54 of 1st period - Wrist shot by Kevin Labanc.
12:54 of 1st period - Stopped by Linus Ullmark with a rebound.
12:56 of 1st period - Slapshot by Matt Dumba.
12:56 of 1st period - Deflect By Brandon Hagel.
12:56 of 1st period - Stopped by Linus Ullmark without a rebound.
12:57 of 1st period - Tyson Jost wins face-off versus Elias Lindholm in Canadiens zone.
13:51 of 1st period - Penalty to K'Andre Miller is over, K'Andre Miller is back on ice.
14:39 of 1st period - Snap shot by Derek Stepan.
14:39 of 1st period - Shot Misses the Net.
14:49 of 1st period - Wrist shot by Alexis Lafrenière.
14:49 of 1st period - Shot Blocked by Nicolas Roy.
16:50 of 1st period - Matt Duchene is hit by Kevin Labanc and loses puck.
17:15 of 1st period - Matias Maccelli is hit by Colin Blackwell and loses puck.
17:39 of 1st period - Jonas Siegenthaler is hit by Sean Durzi and loses puck.
17:52 of 1st period - Wrist shot by Andrew Mangiapane.
17:52 of 1st period - Stopped by Ville Husso without a rebound.
17:53 of 1st period - Elias Lindholm wins face-off versus Derek Stepan in Kings zone.
18:34 of 1st period - Snap shot by Blake Coleman.
18:34 of 1st period - Stopped by Ville Husso with a rebound.
18:36 of 1st period - Wrist shot by Blake Coleman.
18:36 of 1st period - Shot Misses the Net.
18:38 of 1st period - Slapshot by Zach Werenski.
18:38 of 1st period - Stopped by Ville Husso without a rebound.
18:39 of 1st period - Mathew Barzal wins face-off versus Nicolas Roy in Kings zone.
19:11 of 1st period - Snap shot by Ryan Nugent-Hopkins.
19:11 of 1st period - Shot Misses the Net.
19:19 of 1st period - Snap shot by Kevin Labanc.
19:19 of 1st period - Shot Misses the Net.
19:50 of 1st period - Jonas Siegenthaler is hit by Derek Stepan and loses puck.
Goals for this period are 0 for Kings vs 2 for Canadiens.
Shots for this period are 18 for Kings vs 10 for Canadiens.

2nd period


0:01 of 2nd period - Tyson Jost wins face-off versus Elias Lindholm in neutral zone.
0:04 of 2nd period - Wrist shot by Ilya Mikheyev.
0:04 of 2nd period - Stopped by Linus Ullmark with a rebound.
0:26 of 2nd period - Matthew Tkachuk is hit by Colin Blackwell and loses puck.
0:35 of 2nd period - Wrist shot by Brandon Hagel.
0:35 of 2nd period - Goal by Brandon Hagel - Kings : 0 - Canadiens : 3.
0:36 of 2nd period - Elias Lindholm wins face-off versus Tyson Jost in neutral zone.
1:08 of 2nd period - Slapshot by Matthew Tkachuk.
1:08 of 2nd period - Shot Misses the Net.
1:10 of 2nd period - Wrist shot by Zach Werenski.
1:10 of 2nd period - Shot Blocked by Matt Dumba.
1:14 of 2nd period - Snap shot by Brandon Hagel.
1:14 of 2nd period - Shot Blocked by David Savard.
1:30 of 2nd period - Wrist shot by Alexis Lafrenière.
1:30 of 2nd period - Shot Misses the Net.
1:48 of 2nd period - Snap shot by Max Domi.
1:48 of 2nd period - Stopped by Ville Husso with a rebound.
2:51 of 2nd period - Slapshot by Justin Faulk.
2:51 of 2nd period - Shot Misses the Net.
2:55 of 2nd period - Slapshot by Alexis Lafrenière.
2:55 of 2nd period - Stopped by Ville Husso without a rebound.
2:56 of 2nd period - Noel Acciari wins face-off versus Nicolas Roy in Kings zone.
3:23 of 2nd period - Derek Stepan is hit by Elias Lindholm and loses puck.
3:32 of 2nd period - Slapshot by Max Domi.
3:32 of 2nd period - Shot Misses the Net.
4:55 of 2nd period - Snap shot by Jake Walman.
4:55 of 2nd period - Shot Blocked by David Savard.
4:57 of 2nd period - Wrist shot by Matias Maccelli.
4:57 of 2nd period - Stopped by Ville Husso with a rebound.
4:59 of 2nd period - Wrist shot by Alexis Lafrenière.
4:59 of 2nd period - Shot Misses the Net.
5:01 of 2nd period - Snap shot by Alexis Lafrenière.
5:01 of 2nd period - Shot Misses the Net.
5:13 of 2nd period - Minor Penalty to Blake Coleman for Roughing.
5:14 of 2nd period - Ryan Nugent-Hopkins wins face-off versus Nicolas Roy in Canadiens zone.
6:53 of 2nd period - Derek Stepan is hit by K'Andre Miller and loses puck.
7:06 of 2nd period - Justin Faulk is hit by Sammy Blais and loses puck.
7:13 of 2nd period - Penalty to Blake Coleman is over, Blake Coleman is back on ice.
7:29 of 2nd period - Snap shot by Robby Fabbri.
7:29 of 2nd period - Goal by Robby Fabbri - Kings : 1 - Canadiens : 3.
7:30 of 2nd period - Brandon Hagel wins face-off versus Nicolas Roy in neutral zone.
7:33 of 2nd period - Colin Blackwell is hit by Matthew Tkachuk and loses puck.
8:07 of 2nd period - Snap shot by Tyson Jost.
8:07 of 2nd period - Stopped by Linus Ullmark with a rebound.
8:21 of 2nd period - Sammy Blais is hit by Max Domi and loses puck.
8:31 of 2nd period - Icing by Sean Durzi.
8:32 of 2nd period - Philip Tomasino wins face-off versus Noel Acciari in Kings zone.
9:56 of 2nd period - Off-side.
9:57 of 2nd period - Kevin Labanc wins face-off versus Elias Lindholm in neutral zone.
10:02 of 2nd period - Snap shot by Derek Stepan.
10:02 of 2nd period - Shot Blocked by K'Andre Miller.
10:14 of 2nd period - Kevin Labanc is hit by Elias Lindholm and loses puck.
10:37 of 2nd period - Snap shot by Warren Foegele.
10:37 of 2nd period - Shot Blocked by K'Andre Miller.
10:39 of 2nd period - Slapshot by Colin Blackwell.
10:39 of 2nd period - Stopped by Linus Ullmark with a rebound.
10:49 of 2nd period - Matt Dumba is hit by K'Andre Miller and loses puck.
12:06 of 2nd period - Wrist shot by Mathew Barzal.
12:06 of 2nd period - Stopped by Ville Husso without a rebound.
12:07 of 2nd period - Mathew Barzal wins face-off versus Philip Tomasino in Kings zone.
12:39 of 2nd period - Max Domi is hit by Colin Blackwell and loses puck.
12:56 of 2nd period - Zach Werenski is hit by David Savard and loses puck.
13:50 of 2nd period - Snap shot by Philip Tomasino.
13:50 of 2nd period - Stopped by Linus Ullmark with a rebound.
13:52 of 2nd period - Snap shot by Sammy Blais.
13:52 of 2nd period - Stopped by Linus Ullmark without a rebound.
13:53 of 2nd period - Elias Lindholm wins face-off versus Nicolas Roy in Canadiens zone.
13:53 of 2nd period - Elias Lindholm is hit by Warren Foegele.
14:09 of 2nd period - Vladislav Gavrikov is hit by Nicolas Roy and loses puck.
14:40 of 2nd period - Wrist shot by Ryan Nugent-Hopkins.
14:40 of 2nd period - Shot Misses the Net.
14:42 of 2nd period - Wrist shot by Ryan Nugent-Hopkins.
14:42 of 2nd period - Shot Misses the Net.
14:50 of 2nd period - Snap shot by Blake Coleman.
14:50 of 2nd period - Deflect By Mathew Barzal.
14:50 of 2nd period - Stopped by Ville Husso without a rebound.
14:51 of 2nd period - Nicolas Roy wins face-off versus Elias Lindholm in Kings zone.
14:58 of 2nd period - Wrist shot by Andrew Mangiapane.
14:58 of 2nd period - Shot Blocked by Warren Foegele.
15:00 of 2nd period - Wrist shot by Elias Lindholm.
15:00 of 2nd period - Stopped by Ville Husso with a rebound.
15:18 of 2nd period - Matthew Tkachuk is hit by David Savard and loses puck.
15:29 of 2nd period - Wrist shot by Ilya Mikheyev.
15:29 of 2nd period - Stopped by Linus Ullmark without a rebound.
15:30 of 2nd period - Elias Lindholm wins face-off versus Derek Stepan in Canadiens zone.
15:32 of 2nd period - Minor Penalty to Zach Werenski for Tripping.
15:33 of 2nd period - Ryan Nugent-Hopkins wins face-off versus Nicolas Roy in Canadiens zone.
15:33 of 2nd period - Ryan Nugent-Hopkins is hit by David Savard.
16:04 of 2nd period - Slapshot by Matt Dumba.
16:04 of 2nd period - Shot Misses the Net.
16:06 of 2nd period - Snap shot by Ilya Mikheyev.
16:06 of 2nd period - Shot Blocked by K'Andre Miller.
16:08 of 2nd period - Slapshot by David Savard.
16:08 of 2nd period - Stopped by Linus Ullmark without a rebound.
16:09 of 2nd period - Ryan Nugent-Hopkins wins face-off versus Warren Foegele in Canadiens zone.
16:36 of 2nd period - Ilya Mikheyev is hit by Jonas Siegenthaler and loses puck.
17:32 of 2nd period - Penalty to Zach Werenski is over, Zach Werenski is back on ice.
17:45 of 2nd period - Snap shot by Sammy Blais.
17:45 of 2nd period - Shot Misses the Net.
17:47 of 2nd period - Wrist shot by Robby Fabbri.
17:47 of 2nd period - Stopped by Linus Ullmark with a rebound.
17:49 of 2nd period - Slapshot by David Savard.
17:49 of 2nd period - Stopped by Linus Ullmark with a rebound.
17:51 of 2nd period - Snap shot by Robby Fabbri.
17:51 of 2nd period - Shot Misses the Net.
18:41 of 2nd period - Philip Tomasino is hit by Max Domi and loses puck.
Goals for this period are 1 for Kings vs 1 for Canadiens.
Shots for this period are 10 for Kings vs 7 for Canadiens.

3rd period


0:01 of 3rd period - Elias Lindholm wins face-off versus Nicolas Roy in neutral zone.
0:14 of 3rd period - Wrist shot by Elias Lindholm.
0:14 of 3rd period - Shot Misses the Net.
0:16 of 3rd period - Snap shot by Andrew Mangiapane.
0:16 of 3rd period - Stopped by Ville Husso with a rebound.
0:26 of 3rd period - David Savard is hit by K'Andre Miller and loses puck.
0:33 of 3rd period - Wrist shot by Matthew Tkachuk.
0:33 of 3rd period - Shot Blocked by David Savard.
0:35 of 3rd period - Slapshot by Jonas Siegenthaler.
0:35 of 3rd period - Shot Blocked by David Savard.
0:37 of 3rd period - Slapshot by Jonas Siegenthaler.
0:37 of 3rd period - Stopped by Ville Husso with a rebound.
0:47 of 3rd period - Snap shot by Blake Coleman.
0:47 of 3rd period - Stopped by Ville Husso without a rebound.
0:48 of 3rd period - Ryan Nugent-Hopkins wins face-off versus Robby Fabbri in Kings zone.
1:36 of 3rd period - Matthew Tkachuk is hit by Tyson Jost.
2:06 of 3rd period - Backhand shot by Mathew Barzal.
2:06 of 3rd period - Stopped by Ville Husso without a rebound.
2:06 of 3rd period - Double Minor Penalty to Ville Husso for Slashing.
2:07 of 3rd period - Nicolas Roy wins face-off versus Elias Lindholm in Kings zone.
3:10 of 3rd period - Wrist shot by Elias Lindholm.
3:10 of 3rd period - Shot Misses the Net.
3:40 of 3rd period - Slapshot by Matthew Tkachuk.
3:40 of 3rd period - Shot Blocked by Jon Merrill.
3:42 of 3rd period - Slapshot by Justin Faulk.
3:42 of 3rd period - Shot Misses the Net.
3:44 of 3rd period - Slapshot by Justin Faulk.
3:44 of 3rd period - Stopped by Ville Husso with a rebound.
4:32 of 3rd period - Warren Foegele is hit by Andrew Mangiapane and loses puck.
6:05 of 3rd period - David Savard is hit by Mathew Barzal and loses puck.
6:06 of 3rd period - Penalty to Brendan Gallagher is over, Brendan Gallagher is back on ice.
8:43 of 3rd period - Mathew Barzal is hit by Tyson Jost and loses puck.
9:35 of 3rd period - Wrist shot by Matt Dumba.
9:35 of 3rd period - Goal by Matt Dumba - Kings : 2 - Canadiens : 3.
9:36 of 3rd period - Nicolas Roy wins face-off versus Matt Duchene in neutral zone.
9:51 of 3rd period - Wrist shot by Nicolas Roy.
9:51 of 3rd period - Shot Blocked by Matthew Tkachuk.
10:03 of 3rd period - Andrew Mangiapane is hit by Matt Dumba.
10:09 of 3rd period - Snap shot by Elias Lindholm.
10:09 of 3rd period - Stopped by Ville Husso without a rebound.
10:10 of 3rd period - Elias Lindholm wins face-off versus Tyson Jost in Kings zone.
12:44 of 3rd period - Slapshot by Justin Faulk.
12:44 of 3rd period - Shot Misses the Net.
12:56 of 3rd period - Jonas Siegenthaler is hit by Sammy Blais.
13:13 of 3rd period - Colin Blackwell is hit by Noel Acciari and loses puck.
13:28 of 3rd period - Wrist shot by Ilya Mikheyev.
13:28 of 3rd period - Stopped by Linus Ullmark without a rebound.
13:29 of 3rd period - Tyson Jost wins face-off versus Elias Lindholm in Canadiens zone.
13:46 of 3rd period - Snap shot by Andrew Mangiapane.
13:46 of 3rd period - Deflect By Elias Lindholm.
13:46 of 3rd period - Stopped by Ville Husso with a rebound.
13:52 of 3rd period - Vladislav Gavrikov is hit by David Savard and loses puck.
13:57 of 3rd period - Wrist shot by Tyson Jost.
13:57 of 3rd period - Deflect By Max Domi.
13:57 of 3rd period - Shot Misses the Net.
13:57 of 3rd period - Puck is out of play.
13:58 of 3rd period - Matt Duchene wins face-off versus Nicolas Roy in Canadiens zone.
14:48 of 3rd period - Off-side.
14:49 of 3rd period - Tyson Jost wins face-off versus Elias Lindholm in neutral zone.
15:16 of 3rd period - Ryan Nugent-Hopkins is hit by Nicolas Roy and loses puck.
16:50 of 3rd period - Wrist shot by Elias Lindholm.
16:50 of 3rd period - Goal by Elias Lindholm - Kings : 2 - Canadiens : 4.
16:51 of 3rd period - Elias Lindholm wins face-off versus Derek Stepan in neutral zone.
17:00 of 3rd period - Slapshot by Andrew Mangiapane.
17:00 of 3rd period - Goal by Andrew Mangiapane - Kings : 2 - Canadiens : 5.
17:01 of 3rd period - Colin Blackwell wins face-off versus Elias Lindholm in neutral zone.
17:28 of 3rd period - Matt Duchene is hit by Tyson Jost and loses puck.
17:58 of 3rd period - Off-side.
17:59 of 3rd period - Elias Lindholm wins face-off versus Nicolas Roy in neutral zone.
18:04 of 3rd period - Wrist shot by Elias Lindholm.
18:04 of 3rd period - Shot Misses the Net.
18:25 of 3rd period - Ilya Mikheyev is hit by Vladislav Gavrikov and loses puck.
18:31 of 3rd period - Icing by David Savard.
18:32 of 3rd period - Elias Lindholm wins face-off versus Tyson Jost in Kings zone.
18:35 of 3rd period - Slapshot by Andrew Mangiapane.
18:35 of 3rd period - Deflect By Elias Lindholm.
18:35 of 3rd period - Shot Misses the Net.
18:35 of 3rd period - Puck is out of play.
18:36 of 3rd period - Nicolas Roy wins face-off versus Elias Lindholm in Kings zone.
19:15 of 3rd period - Snap shot by Tyson Jost.
19:15 of 3rd period - Stopped by Linus Ullmark with a rebound.
19:34 of 3rd period - Slapshot by Brandon Hagel.
19:34 of 3rd period - Goal by Brandon Hagel - Kings : 2 - Canadiens : 6.
19:35 of 3rd period - Elias Lindholm wins face-off versus Nicolas Roy in neutral zone.
19:45 of 3rd period - Wrist shot by Max Domi.
19:45 of 3rd period - Shot Misses the Net.
19:46 of 3rd period - Matt Dumba beats up K'Andre Miller.
19:46 of 3rd period - Penalty to K'Andre Miller for Fighting.
19:46 of 3rd period - Penalty to Matt Dumba for Fighting.
19:46 of 3rd period - Penalty to K'Andre Miller for instigated a fight.
19:46 of 3rd period - Penalty to K'Andre Miller for instigated a fight.
19:47 of 3rd period - Ryan Nugent-Hopkins wins face-off versus Nicolas Roy in Kings zone.
19:58 of 3rd period - Wrist shot by Ryan Nugent-Hopkins.
19:58 of 3rd period - Stopped by Ville Husso without a rebound.
19:59 of 3rd period - Nicolas Roy wins face-off versus Ryan Nugent-Hopkins in Kings zone.
Goals for this period are 1 for Kings vs 3 for Canadiens.
Shots for this period are 3 for Kings vs 11 for Canadiens.